 Dungeon Crawl Stone Soup version 0.23-a0-344-ge122d05652 (webtiles) character file.

692 Ablot the Charmwright (level 7, -5/56 HPs)
             Began as a Gnoll Skald on Oct 19, 2018.
             Was a Believer of Okawaru.
             Shot with an arrow by a centaur (9 damage)
             ... on level 5 of the Dungeon.
             The game lasted 00:06:02 (2968 turns).

Ablot the Charmwright (Gnoll Skald)                 Turns: 2968, Time: 00:06:03

Health: -5/56      AC:  7    Str: 14    XL:     7   Next: 63%
Magic:  10/15      EV: 15    Int: 16    God:    Okawaru [**....]
Gold:   383        SH:  0    Dex: 18    Spells: 6/17 levels left

rFire    . . .     SeeInvis .   a - +0 trident
rCold    + . .     Gourm    .   (no shield)
rNeg     + . .     Faith    .   b - +0 leather armour
rPois    .         Spirit   .   (no helmet)
rElec    .         Reflect  .   (no cloak)
rCorr    .         Harm     .   z - +2 pair of gloves "Qabbic" {rC+ Regen+ Dex+3}
MR       .....                  B - +0 pair of boots
Stlth    ++........             E - amulet of regeneration
HPRegen  0.98/turn              u - ring of positive energy
MPRegen  0.14/turn              (no ring)

@: no status effects
A: distributed training, fangs 1, strong nose
a: Heroism, Renounce Religion


You were on level 5 of the Dungeon.
You worshipped Okawaru.
Okawaru was pleased with you.
You were not hungry.

You visited 1 branch of the dungeon, and saw 5 of its levels.

You collected 383 gold pieces.

Inventory:

Hand Weapons
 a - a +0 trident (weapon)
Missiles
 c - 109 stones (quivered)
 l - 44 arrows
 t - 3 throwing nets
 y - 12 sling bullets
 A - 13 poisoned needles
Armour
 b - a +0 leather armour (worn)
 z - the +2 pair of gloves "Qabbic" (worn) {rC+ Regen+ Dex+3}
   (You found it on level 4 of the Dungeon)

   It affects your dexterity (+3).
   It protects you from cold.
   It increases your rate of regeneration.
 B - a +0 pair of boots (worn)
Jewellery
 u - a ring of positive energy (left hand)
 E - an amulet of regeneration (around neck)
Scrolls
 e - 5 scrolls of remove curse
 f - 4 scrolls of identify {unknown}
 k - 2 scrolls of noise {unknown}
 n - 2 scrolls of random uselessness {unknown}
 o - a scroll of blinking {unknown}
 p - 3 scrolls of enchant weapon {unknown}
 q - 5 scrolls of teleportation {unknown}
 r - 3 scrolls of enchant armour {unknown}
 v - 2 scrolls of amnesia {unknown}
 x - 5 scrolls of fear {unknown}
Potions
 h - 2 potions of mutation {unknown}
 i - 2 potions of flight {unknown}
 j - a potion of berserk rage {unknown}
 m - 2 potions of curing {unknown}
 s - a potion of agility {unknown}
 w - 3 potions of heal wounds {unknown}
 C - 2 potions of haste {unknown}
 D - a potion of invisibility {unknown}
 F - a potion of degeneration {unknown}
Comestibles
 d - 11 rations
 g - 5 chunks of flesh


   Skills:
 + Level 5.3 Fighting
 + Level 2.5 Short Blades
 + Level 2.5 Long Blades
 + Level 2.5 Axes
 + Level 2.5 Maces & Flails
 + Level 5.3 Polearms
 + Level 2.5 Staves
 + Level 2.5 Slings
 + Level 2.5 Bows
 + Level 2.5 Crossbows
 + Level 2.5 Throwing
 + Level 3.7 Armour
 + Level 5.3 Dodging
 + Level 2.5 Stealth
 + Level 2.5 Shields
 + Level 2.5 Unarmed Combat
 + Level 5.6 Spellcasting
 + Level 2.1 Conjurations
 + Level 2.1 Hexes
 + Level 5.8 Charms
 + Level 2.1 Summonings
 + Level 2.1 Necromancy
 + Level 2.1 Translocations
 + Level 2.1 Transmutations
 + Level 2.1 Fire Magic
 + Level 2.1 Ice Magic
 + Level 2.1 Air Magic
 + Level 2.1 Earth Magic
 + Level 2.1 Poison Magic
 + Level 2.8 Invocations
 + Level 2.5 Evocations


You had 6 spell levels left.
You knew the following spells:

 Your Spells              Type           Power        Failure   Level  Hunger
a - Infusion              Chrm           ###.         1%          1    None
b - Song of Slaying       Chrm           ###.....     2%          2    #......
c - Shroud of Golubria    Chrm/Tloc      ###.......   4%          2    #......
d - Regeneration          Chrm/Necr      ###.......   10%         3    ##.....
e - Spectral Weapon       Hex/Chrm       ###.....     10%         3    ##.....

Your spell library contained the following spells:

 Spells                   Type           Power        Failure   Level  Hunger


Dungeon Overview and Level Annotations

Branches:
Dungeon (5/15)
 Temple: D:4-7

Altars:
Fedhas
Hepliaklqana
Makhleb
Nemelex Xobeh
Okawaru
Wu Jian
Xom


Innate Abilities, Weirdness & Mutations

Your experience applies equally to all skills.
You have very sharp teeth.
Your uncanny sense of smell can sniff out nearby items.


Message History

The worker ant zombie bites the bush but does no damage.
Found a blossoming altar of Fedhas.
Found a scroll labeled GAUPTOR CULINN.
The centaur shoots an arrow.
The arrow hits you!
The centaur shoots an arrow.
The arrow barely misses you.
You see here an arrow.
You hit the bush but do no damage.
Something bites the bush but does no damage.
The centaur shoots an arrow.
The arrow hits you.
Attack whom?
Press: ? - help, Dir - move target cursor, f - centaur
Aim: a centaur, wielding a +0 shortbow The bush is in the way.
You hit the bush but do no damage.
The centaur shoots an arrow.
The arrow hits you!
* * * LOW HITPOINT WARNING * * *
Something bites the bush but does no damage.
The centaur shoots an arrow.
The arrow hits you!
* * * LOW HITPOINT WARNING * * *
Something bites the bush.
The centaur shoots an arrow.
The arrow hits you!
You die...

# # # .# # ..# #
...# #####
#####...... ...####
.
.........5P.PPP....
...
##.###<...PZPcP.%#
#..?. ...#
...#PP_PP(##......
####
.....PPPP.@(......
#
##.#>..PP..###.....
#..#.......# ...
##..#.###.### # ###
#..##....## ..#
#..##(####
#.###..#..## ∆
#......)...#
##.###.###.#


You could see a centaur.

Vanquished Creatures
  An ogre (D:4)
  A wyvern skeleton (D:5)
  2 scorpions (D:4)
  A crimson imp (D:3)
  A centaur skeleton (D:4)
  A hound (D:4)
  3 orc wizards (D:4)
  2 worker ants (D:4)
  11 gnolls
  3 adders
  2 oozes (D:2)
  An adder skeleton (D:4)
  A worm (D:4)
  2 dart slugs (D:1)
  3 leopard geckos
  10 orcs
  6 giant cockroaches
  6 goblins
  7 hobgoblins
  7 jackals
  4 kobolds
  A ball python (D:4)
  6 bats
  A frilled lizard (D:1)
  A leopard gecko skeleton (D:4)
  A quokka skeleton (D:4)
  6 rats
91 creatures vanquished.

Notes
Turn   | Place    | Note
-------+----------+-------------------------------------------
     0 | D:1      | Ablot the Gnoll Skald began the quest for the Orb.
     0 | D:1      | Reached XP level 1. HP: 20/20 MP: 6/6
    99 | D:1      | Reached XP level 2. HP: 26/26 MP: 2/7
   108 | D:1      | Learned a level 2 spell: Song of Slaying
   111 | D:1      | Learned a level 2 spell: Shroud of Golubria
   331 | D:1      | Reached XP level 3. HP: 31/31 MP: 9/9
   336 | D:1      | Learned a level 3 spell: Regeneration
   340 | D:1      | Learned a level 3 spell: Spectral Weapon
   397 | D:1      | Reached skill level 5 in Spellcasting
   711 | D:2      | Found an iron altar of Okawaru.
   716 | D:2      | Became a worshipper of Warmaster Okawaru
   735 | D:2      | Reached skill level 1 in Invocations
   782 | D:2      | Found a hazy altar of Hepliaklqana.
   989 | D:2      | Reached skill level 1 in Short Blades
   989 | D:2      | Reached skill level 1 in Long Blades
   989 | D:2      | Reached skill level 1 in Axes
   989 | D:2      | Reached skill level 1 in Maces & Flails
   989 | D:2      | Reached skill level 1 in Staves
   989 | D:2      | Reached skill level 1 in Slings
   989 | D:2      | Reached skill level 1 in Bows
   989 | D:2      | Reached skill level 1 in Crossbows
   989 | D:2      | Reached skill level 1 in Throwing
   989 | D:2      | Reached skill level 1 in Stealth
   989 | D:2      | Reached skill level 1 in Shields
   989 | D:2      | Reached skill level 1 in Unarmed Combat
   989 | D:2      | Reached skill level 1 in Evocations
  1129 | D:2      | Found an ornate altar of the Wu Jian Council.
  1161 | D:3      | Reached XP level 4. HP: 38/38 MP: 4/11
  1243 | D:3      | Reached skill level 1 in Conjurations
  1243 | D:3      | Reached skill level 1 in Hexes
  1243 | D:3      | Reached skill level 1 in Summonings
  1243 | D:3      | Reached skill level 1 in Necromancy
  1243 | D:3      | Reached skill level 1 in Translocations
  1243 | D:3      | Reached skill level 1 in Transmutations
  1243 | D:3      | Reached skill level 1 in Fire Magic
  1243 | D:3      | Reached skill level 1 in Ice Magic
  1243 | D:3      | Reached skill level 1 in Air Magic
  1243 | D:3      | Reached skill level 1 in Earth Magic
  1243 | D:3      | Reached skill level 1 in Poison Magic
  1578 | D:3      | Found a sparkling altar of Nemelex Xobeh.
  1638 | D:3      | Found a burning altar of Makhleb.
  1639 | D:3      | Found a shimmering altar of Xom.
  1648 | D:3      | Reached XP level 5. HP: 41/43 MP: 12/12
  1897 | D:4      | Reached * piety under Okawaru
  1925 | D:4      | Reached XP level 6. HP: 10/50 MP: 1/13
  2116 | D:4      | Got a pair of translucent gloves
  2126 | D:4      | Identified the +2 pair of gloves "Qabbic" {rC+ Regen+
                  | Dex+3} (You found it on level 4 of the Dungeon)
  2199 | D:4      | Reached skill level 5 in Fighting
  2199 | D:4      | Reached skill level 5 in Polearms
  2199 | D:4      | Reached skill level 5 in Dodging
  2347 | D:4      | Reached XP level 7. HP: 56/56 MP: 1/15
  2604 | D:4      | Reached ** piety under Okawaru
  2919 | D:5      | Entered Level 5 of the Dungeon
  2963 | D:5      | Found a blossoming altar of Fedhas.
  2968 | D:5      | Shot with an arrow by a centaur

Vault maps used:
D:1:      erik_arrival_blinker_ship, hangedman_feature_mirror
D:2:      overflow_temple_1_default, okawaru_trees_1,
          lemuel_coloured_pillars_altar
D:3:      lemuel_crystal_altar, grunt_temple_overflow_champion_of_chaos
D:4:      first_ration
D:5:      fedhas_bush_and_centaur_altar, nicolae_ru_sacrificial_ziggurat,
          trog_hazing_becter

Skill      XL: |  1  2  3  4  5  6  7 |
---------------+----------------------+-----
Spellcasting   | 5 |  5.6
Invocations    | 1 2 |  2.8
Short Blades   | 1 2 |  2.5
Long Blades    | 1 2 |  2.5
Axes           | 1 2 |  2.5
Maces & Flails | 1 2 |  2.5
Staves         | 1 2 |  2.5
Slings         | 1 2 |  2.5
Bows           | 1 2 |  2.5
Crossbows      | 1 2 |  2.5
Throwing       | 1 2 |  2.5
Stealth        | 1 2 |  2.5
Shields        | 1 2 |  2.5
Unarmed Combat | 1 2 |  2.5
Evocations     | 1 2 |  2.5
Conjurations   | 1 2 |  2.1
Hexes          | 1 2 |  2.1
Summonings     | 1 2 |  2.1
Necromancy     | 1 2 |  2.1
Translocations | 1 2 |  2.1
Transmutations | 1 2 |  2.1
Fire Magic     | 1 2 |  2.1
Ice Magic      | 1 2 |  2.1
Air Magic      | 1 2 |  2.1
Earth Magic    | 1 2 |  2.1
Poison Magic   | 1 2 |  2.1
Armour         | 3 |  3.7
Fighting       | 5 |  5.3
Polearms       | 5 |  5.3
Dodging        | 5 |  5.3
Charms         | |  5.8

Action                   |  1- 3 |  4- 6 |  7- 9 || total
-------------------------+-------+-------+-------++-------
Melee: Spear             |   104 |   100 |       ||   204
       Bite              |     5 |    17 |     2 ||    24
       Punch             |     1 |       |     1 ||     2
       Trident           |       |    15 |    54 ||    69
 Cast: Infusion          |     2 |       |       ||     2
       Shroud of Golubri |     1 |     7 |     4 ||    12
       Spectral Weapon   |       |     8 |     7 ||    15
       Song of Slaying   |       |     4 |     1 ||     5
       Regeneration      |       |     3 |       ||     3
  Use: Scroll            |       |       |     1 ||     1
 Stab: Sleeping          |     4 |     1 |     2 ||     7
       Distracted        |       |     1 |       ||     1
  Eat: Chunk             |     1 |     5 |     3 ||     9
Armor: Leather armour    |    11 |    10 |    12 ||    33
Dodge: Dodged            |    40 |    55 |    28 ||   123

Table legend:
 A = Non-vault XP
 B = Vault XP
 C = Vault XP percentage of total XP
 D = Non-vault monster count
 E = Vault monster count
 F = Vault count percentage of total count
                 A         B        C        D         E       F
            +---------+---------+-------+---------+---------+-------
      Total |     935 |      54 |   5.5 |      88 |       3 |   3.3
            +---------+---------+-------+---------+---------+-------
        D:1 |      46 |       4 |   8.0 |      24 |       2 |   7.7
        D:2 |      30 |       0 |   0.0 |      12 |       0 |   0.0
        D:3 |      65 |      50 |  43.5 |      10 |       1 |   9.1
        D:4 |     712 |       0 |   0.0 |      39 |       0 |   0.0
        D:5 |      82 |       0 |   0.0 |       3 |       0 |   0.0
            +---------+---------+-------+---------+---------+-------
